 Dungeon Crawl Stone Soup version 0.29.1-12-g30fa7ad0bf (webtiles) character file.

Game seed: 13536452350709640429

21 thatblackman the Magician (level 3, 0/25 HPs)
             Began as a Djinni Earth Elementalist on Dec 29, 2022.
             Constricted to death by a ball python (1 damage)
             ... on level 3 of the Dungeon.
             The game lasted 00:10:25 (825 turns).

thatblackman the Magician (DjEE)                     Turns: 825, Time: 00:10:26

Health: 0/25       AC:  7    Str:  9    XL:     3   Next: 2%
Gold:   25         EV:  9    Int: 16    God:
                   SH:  0    Dex: 13

rFire   + + +      SeeInvis .   h - +0 scimitar
rCold   x . .      Faith    .   (no shield)
rNeg    . . .      Spirit   .   a - +1 robe
rPois   ∞          Reflect  .   (no helmet)
rElec   .          Harm     .   i - +2 cloak {Will+}
rCorr   .          Rampage  .   k - +0 pair of gloves
Will    +....                   (boots unavailable)
Stlth   ++........              (no amulet)
HPRegen 0.08/turn               g - ring of protection from fire
MPRegen 0.00/turn               (no ring)

@: flying, constricted
A: sickness immunity, fire resistance 2, cold vulnerability 1, float, innate
caster, HP casting, extra vitality 1
a: no special abilities


You were on level 3 of the Dungeon.
You visited 1 branch of the dungeon, and saw 3 of its levels.

You collected 25 gold pieces.

Inventory:

Hand Weapons
 e - a +0 dagger
 h - a +0 scimitar (weapon)
 j - a +0 war axe
Missiles
 d - 4 poisoned darts
Armour
 a - a +1 robe (worn)
 f - a scarf of invisibility
 i - a +2 cloak of willpower (worn)
 k - a +0 pair of gloves (worn)
Jewellery
 g - a ring of protection from fire (left hand)
 o - a ring of protection from fire
Scrolls
 b - 2 scrolls of identify {unknown}
 l - a scroll of amnesia {unknown}
Potions
 c - 2 potions of curing
 m - a potion of heal wounds
 n - a potion of flight {unknown}


   Skills:
 + Level 0.1 Long Blades
 + Level 2.3 Dodging
 + Level 1.6 Stealth
 + Level 3.0 Spellcasting


You couldn't memorise any spells.
You knew the following spells:

 Your Spells              Type           Power      Damage    Failure   Level
a - Sandblast             Erth           24%        2d8       5%          1
b - Passwall              Tmut/Erth      10%        N/A       9%          2
c - Stone Arrow           Conj/Erth      24%        3d8       16%         3
d - Petrify               Tmut/Erth      12%        N/A       47%         4
e - Slow                  Hex            48%        N/A       5%          1
Your spell library was empty.

Dungeon Overview and Level Annotations

Branches:
Dungeon (3/15)

Altars:


Innate Abilities, Weirdness & Mutations

You are immune to sickness and miasma.
You are immune to poison.
Your flesh is very heat resistant. (rF++)
You are vulnerable to cold. (rC-)
You float through the air rather than walking.
You learn spells naturally, not from books.
Your magical power is your life essence.
You have superior vitality. (+4 MHP)


Message History

The adder attacks as you move away! The adder barely misses you.
Found 6 gold pieces.
The orc priest looks encouraged for a moment.
A ball python comes into view.
The adder bites you. The adder attacks as you move away! The adder bites you.
The orc attacks as you move away! The orc hits you with a +0 club.
The orc closely misses you.
The rat twitches its whiskers.
The ball python hisses angrily.
The adder bites you but does no damage. The orc hits you but does no damage.
The ball python closely misses you. The ball python misses you.
The orc hits you with a +0 club.
* * * LOW HITPOINT WARNING * * *
The adder bites you but does no damage. The orc attacks as you move away!
The orc misses you. The adder attacks as you move away!
The adder closely misses you. The orc hits you with a +0 club.
* * * LOW HITPOINT WARNING * * *
The adder attacks as you move away! The adder barely misses you.
The ball python bites you but does no damage.
The ball python barely misses you. The adder closely misses you.
Casting: Passwall (safe; 9% risk of failure)
Confirm with . or Enter, or press ? or * to list all spells.
Aiming: Passwall (safe; 9% risk of failure)
Press: ? - help, Dir - move target A rock wall.
* * * LOW HITPOINT WARNING * * *
The adder barely misses you. The ball python misses you.
The ball python barely misses you.
You begin to meditate on the wall.
You continue meditating on the rock.
The adder bites you.
* * * LOW HITPOINT WARNING * * *
The ball python bites you but does no damage.
The ball python closely misses you.
You continue meditating on the rock.
The adder barely misses you. The ball python barely misses you.
The ball python grabs you.
Your meditation is interrupted.
The ball python constricts you.
You die...

+..........# ...
##..........# ....
#...........# ....
#...........#.....
#...........#.....
#.........o.......
...........#o.......
............#SSr.....
............#@o......
#######.....####$....
#.....# ..... #...
..... ####


You could see an adder, 3 orcs, a ball python and a rat.

Vanquished Creatures
  An adder zombie (D:2)
  A dart slug (D:1)
  2 bats (D:2)
  An endoplasm (D:2)
  A giant cockroach (D:2)
  2 goblins
  3 ball pythons
  A ball python skeleton (D:2)
  A frilled lizard (D:2)
  A kobold (D:2)
  A quokka skeleton (D:2)
  2 rats
17 creatures vanquished.

Vanquished Creatures (others)
  4 toadstools (D:1)
  A withered plant (D:2)
5 creatures vanquished.

Grand Total: 22 creatures vanquished

Notes
Turn   | Place    | Note
-------+----------+-------------------------------------------
     0 | D:1      | thatblackman the Djinni Earth Elementalist began the quest
                  | for the Orb.
     0 | D:1      | thatblackman set off with the following spells memorised:
                  | Sandblast, Passwall, Stone Arrow, Petrify.
     0 | D:1      | Reached XP level 1. HP: 15/15 MP: 0/0
   530 | D:2      | Reached XP level 2. HP: 20/21 MP: 0/0
   654 | D:2      | Reached skill level 3 in Spellcasting
   785 | D:3      | Reached XP level 3. HP: 11/25 MP: 0/0
   785 | D:3      | Learned a level 1 spell: Slow
   824 | D:3      | HP: 1/25 [adder (2)]
   825 | D:3      | Constricted to death by a ball python

Illustrated notes

Levels and vault maps discovered:
D:1:      ldierk_walled_garden_2, layout_basic, hangedman_decor_push
D:2:      layout_basic, dreamdust_ecumenical_altar_drowned_temple,
          serial_undead, serial_undead_c, serial_undead_a, serial_undead_a,
          serial_undead_b, serial_undead_b, serial_undead_f, uniq_robin
D:3:      layout_basic, serial_shops, shop, cheibrodos_sewer_entry_bend

Skill      XL: |  1  2 |
---------------+-------+-----
Spellcasting   | 3 |  3.0
Long Blades    | |  0.1
Dodging        | |  2.3
Stealth        | |  1.6

Action                   || total
-------------------------++-------
Melee: Scimitar          ||    19
 Cast: Sandblast         ||    18
       Passwall          ||     7
  Use: Scroll            ||     1
       Potion            ||     2
Armor: Robe              ||    31
Dodge: Dodged            ||    63
